 Dungeon Crawl Stone Soup version 0.29.1-1-gd02db6906a (webtiles) character file.

Game seed: 17356360469544842954

76 safid the Shooter (level 4, 0/38 HPs)
             Began as a Minotaur Hunter on Oct 13, 2022.
             Slain by a black bear (5 damage)
             ... on level 3 of the Dungeon.
             The game lasted 00:02:01 (1280 turns).

safid the Shooter (Minotaur Hunter)                 Turns: 1280, Time: 00:02:01

Health: 0/38       AC:  3    Str: 16    XL:     4   Next: 12%
Magic:  3/3        EV: 12    Int:  6    God:
Gold:   92         SH:  0    Dex: 15    Spells: 3/3 levels left

rFire   . . .      SeeInvis .   a - +0 shortbow
rCold   . . .      Faith    .   (shield currently unavailable)
rNeg    . . .      Spirit   .   c - +0 leather armour
rPois   .          Reflect  .   (helmet restricted)
rElec   .          Harm     .   (no cloak)
rCorr   .          Rampage  .   (no gloves)
Will    .....                   (no boots)
Stlth   +.........              (no amulet)
HPRegen 0.12/turn               (no ring)
MPRegen 0.08/turn               (no ring)

@: no status effects
A: horns 2, retaliatory headbutt
a: no special abilities


You were on level 3 of the Dungeon.
You visited 1 branch of the dungeon, and saw 3 of its levels.

You collected 92 gold pieces.

Inventory:

Hand Weapons
 a - a +0 shortbow (weapon)
Armour
 c - a +0 leather armour (worn)
Jewellery
 j - a ring of protection from fire
 o - a ring of ice
Scrolls
 b - a scroll of immolation
 d - a scroll of butterflies {unknown}
 e - 2 scrolls of identify {unknown}
 f - a scroll of fear {unknown}
 g - a scroll of brand weapon {unknown}
 h - a scroll of vulnerability {unknown}
 m - a scroll of enchant weapon {unknown}
Potions
 i - a potion of resistance {unknown}
 k - a potion of haste {unknown}
 l - a potion of lignification {unknown}
 n - a potion of curing {unknown}
 p - a potion of attraction {unknown}


   Skills:
 - Level 3.0 Fighting
 + Level 6.0 Ranged Weapons
 - Level 2.1 Dodging
 - Level 0.7 Stealth


You had 3 spell levels left.
You didn't know any spells.
Your spell library contained the following spells:

 Spells                   Type           Power      Damage    Failure   Level
 Dazzling Flash           Conj/Hex       0%         N/A       88%         3
 Summon Guardian Golem    Hex/Summ       0%         N/A       88%         3
 Agony                    Necr           0%         N/A       100%        5
 Silence                  Hex/Air        0%         N/A       100%        5
 Orb of Destruction       Conj           0%         9d5       100%        7
 Spellforged Servitor     Conj/Summ      0%         N/A       100%        7


Dungeon Overview and Level Annotations

Branches:
Dungeon (3/15)

Altars:

Annotations:
D:3 1 transporter


Innate Abilities, Weirdness & Mutations

You have a pair of horns on your head.
You reflexively headbutt those who attack you in melee.


Message History

The black bear growls angrily.
A black bear is nearby!
You shoot an arrow.
The arrow hits the black bear but does no damage.
The black bear barely misses you. You furiously retaliate!
You headbutt the black bear! The black bear barely misses you.
The black bear claws you but does no damage.
You shoot an arrow. The arrow hits the black bear!
The black bear is heavily wounded.
The black bear bites you but does no damage.
The black bear claws you. x2
You shoot an arrow.
The arrow hits the black bear but does no damage.
The black bear is heavily wounded.
The black bear bites you but does no damage.
The black bear claws you. The black bear closely misses you.
You shoot an arrow. The arrow hits the black bear.
The black bear is severely wounded.
The black bear barely misses you.
The black bear claws you but does no damage. x2
You shoot an arrow. The arrow barely misses the black bear.
The black bear bites you.
The black bear claws you but does no damage.
The black bear closely misses you.
You shoot an arrow. The arrow hits the black bear.
The black bear is almost dead.
The black bear closely misses you. The black bear claws you. x2
The black bear bites you. The black bear claws you.
The black bear barely misses you.
You shoot an arrow. The arrow barely misses the black bear.
The black bear goes berserk!
You shoot an arrow. The arrow hits the black bear!
The black bear is almost dead.
The black bear bites you. The black bear claws you. The black bear misses you.
The black bear bites you!
* * * LOW HITPOINT WARNING * * *
The black bear claws you.
* * * LOW HITPOINT WARNING * * *
The black bear claws you.
You die...

...####.##..#
........##..#
.#####..##..#
..####..##..#
........##..#####
..####..........#
..####..##.##.#.##
.............#...#
.....#.....#..#.@#
..##.#..<........h..<.#
..##.#....#.#.#..######
©.............#.>#
.........##.###..#
...<.....##.# #..#
.......#.## # #..#
.......#.# #..#
..##.#.# #


You could see a black bear (berserk).

Vanquished Creatures
  2 adders (D:2)
  A dart slug (D:2)
  4 bats (D:2)
  6 endoplasms
  2 giant cockroaches (D:2)
  5 goblins
  2 hobgoblins
  11 jackals
  3 quokkas
  4 ball pythons
  4 frilled lizards
  A kobold (D:2)
  4 rats
49 creatures vanquished.

Notes
Turn   | Place    | Note
-------+----------+-------------------------------------------
     0 | D:1      | safid the Minotaur Hunter began the quest for the Orb.
     0 | D:1      | Reached XP level 1. HP: 18/18 MP: 0/0
    37 | D:1      | Reached XP level 2. HP: 25/26 MP: 1/1
   167 | D:1      | Found a faded altar of an unknown god.
   267 | D:1      | Reached skill level 5 in Ranged Weapons
   559 | D:2      | Reached XP level 3. HP: 31/31 MP: 2/2
   943 | D:2      | Reached XP level 4. HP: 38/38 MP: 3/3
   975 | D:2      | Reached skill level 6 in Ranged Weapons
  1197 | D:3      | Found a transporter.
  1201 | D:3      | Noticed a phantom
  1272 | D:3      | Noticed a black bear
  1280 | D:3      | Slain by a black bear

Illustrated notes

Levels and vault maps discovered:
D:1:      minmay_arrival_diagonal_passages, layout_rooms,
          shapermc_ecumenical_altar_mp_ritualfount, minmay_tromino_i4
D:2:      layout_rooms, st_stairs_14, chequers_mini_garden
D:3:      layout_loops_ring, gammafunk_ghost_mausoleum

Skill      XL: |  1  2  3  4 |
---------------+-------------+-----
Fighting       | 3 |  3.0
Ranged Weapons | 5 6 |  6.0
Dodging        | |  2.1
Stealth        | |  0.7

Action                   |  1- 3 |  4- 6 || total
-------------------------+-------+-------++-------
 Fire: Shortbow          |    88 |    22 ||   110
Armor: Leather armour    |     4 |     6 ||    10
Dodge: Dodged            |    21 |    12 ||    33
